 Dungeon Crawl Stone Soup version 0.31.0-32-g396128a36d (webtiles) character file.

Game seed: 6450432246814341156

11357 sosloow the Fighter (level 11, -7/128 HPs)
             Began as an Oni Gladiator on Apr 14, 2024.
             Was an Initiate of Gozag.
             Mangled by a gnoll
             ... wielding a +4 spear
             ... summoned by an orange crystal statue
              (8 damage)
             ... on level 11 of the Dungeon.
             The game lasted 00:36:48 (13370 turns).

sosloow the Fighter (Oni Gladiator)                Turns: 13370, Time: 00:36:48

Health: -7/128     AC:  5    Str: 24    XL:     11   Next: 76%
Magic:  0/11       EV: 10    Int: 15    God:    Gozag
Gold:   2918       SH:  0    Dex: 10    Spells: 10/10 levels left

rFire   + . .        q - +4 dire flail (venom)
rCold   . . .        (shield currently unavailable)
rNeg    . . .        b - +0 robe
rPois   .            c - +1 hat
rElec   .            k - +0 cloak
rCorr   .            (gloves unavailable)
SInv    +            (boots unavailable)
Will    +....        (no amulet)
Stlth   +            h - +6 ring of intelligence
HPRegen 0.41/turn    p - ring of see invisible
MPRegen 0.12/turn

%: no passive effects
@: mighty, lethally poisoned (-7 -> -48)
A: large, unfitting armour, horns 1, tough skin 1, double potion healing,
drunken brawling, fire resistance 1, MP-powered wands, persistent drain
a: Renounce Religion, Potion Petition, Call Merchant, Bribe Branch


You were on level 11 of the Dungeon.
You worshipped Gozag.
Gozag was most pleased with you.
You visited 2 branches of the dungeon, and saw 12 of its levels.
You also visited: Sewer and Bailey.

You collected 3287 gold pieces.
You spent 201 gold pieces at shops.
You paid 168 gold pieces to Gozag.

Inventory:

Hand Weapons
 q - a +4 dire flail of venom (weapon)
 U - a +0 giant spiked club
Missiles
 d - 3 throwing nets
Armour
 b - a +0 robe (worn)
 c - a +1 hat (worn)
 k - a +0 cloak (worn)
Jewellery
 h - a +6 ring of intelligence (left hand)
 p - a ring of see invisible (right hand)
 R - a ring of fire
 T - a ring of ice
Wands
 a - a wand of polymorph (24)
 g - a wand of flame (19)
 t - a wand of light (5)
 E - a wand of digging (3)
 G - a wand of iceblast (5)
 N - a wand of paralysis (2)
Scrolls
 j - 2 scrolls of enchant weapon
 m - a scroll of enchant armour
 n - a scroll of noise
 r - a scroll of blinking
 v - 2 scrolls of poison
 y - a scroll of immolation
 A - a scroll of silence
 B - 3 scrolls of teleportation
 C - a scroll of fear
 D - a scroll of vulnerability {unknown}
 L - a scroll of revelation
 M - a scroll of amnesia {unknown}
 P - a scroll of torment {unknown}
 Q - a scroll of fog {unknown}
 S - a scroll of identify
Potions
 f - 4 potions of enlightenment
 i - a potion of mutation
 l - a potion of attraction
 o - 2 potions of degeneration
 s - 4 potions of cancellation
 u - 3 potions of magic
 w - 4 potions of might
 x - 5 potions of haste {unknown}
 F - a potion of heal wounds {unknown}
 H - a potion of experience {unknown}
 I - 6 potions of brilliance
 J - a potion of invisibility
 O - 3 potions of berserk rage {unknown}


   Skills:
 + Level 13.8 Fighting
 + Level 10.9 Maces & Flails
 + Level 10.6 Throwing
 - Level 4.0 Dodging


You had 10 spell levels left.
You didn't know any spells.
Your spell library contained the following spells:

 Spells                   Type           Power      Damage    Failure   Level
 Necrotise                Necr           0%         1d4       26%         1
 Ensorcelled Hibernation  Hex/Ice        0%         N/A       38%         2
 Fugue of the Fallen      Necr           0%         N/A       63%         3
 Ozocubu's Armour         Ice            0%         N/A       63%         3
 Passwall                 Erth           0%         N/A       63%         3
 Swiftness                Air            0%         N/A       63%         3
 Vampiric Draining        Necr           0%         2d6       63%         3
 Manifold Assault         Tloc           0%         N/A       95%         4
 Martyr's Knell           Necr/Summ      0%         N/A       95%         4
 Curse of Agony           Necr           0%         N/A       100%        5


Dungeon Overview and Level Annotations

Branches:
Dungeon (11/15)            Temple (1/1) D:4            Lair (0/5) D:8
    Orc (0/2) D:10          Sewer (visited)          Bailey (visited)

Altars:
Ashenzari
Cheibriados
Dithmenos
Elyvilon
Fedhas
Gozag
Hepliaklqana
Kikubaaqudgha
Makhleb
Nemelex Xobeh
Okawaru
Qazlal
Ru
Sif Muna
Trog
Uskayaw
Vehumet
Wu Jian
Xom
Yredelemnul
Zin
The Shining One

Shops:
D:2 (   D:10 ?

Annotations:
D:4 3 runed translucent doors, Scypier's ghost, novice GnGl
D:5 3 runed translucent doors, raetorn's ghost, amateur FeSh
D:10 2 runed translucent doors, riffraff's ghost, novice AtFi
D:11 exclusion: orange crystal statue


Innate Abilities, Weirdness & Mutations

You are too large for most types of armour.
You have a pair of small horns on your head.
You have tough skin. (AC +1)
You gain doubled healing and magic from potions.
Whenever you drink a healing potion, you attack all around you.
Your flesh is heat resistant. (rF+)
You expend magic power (3 MP) to strengthen your wands.
Your health recovers twice as slowly from being drained.


Message History

Found a small agate ring.
You feel very sick. The gnoll closely misses you.
The gnoll sergeant hits you with a +1 trident of venom!
You are more poisoned.
The gnoll closely misses you.
You feel very sick. The gnoll attacks as it pursues you!
The gnoll hits you with a +0 club.
The gnoll sergeant hits you from afar with a +1 trident of venom.
The gnoll hits you with a +0 flail.
You feel very mighty all of a sudden.
You feel very sick.
The gnoll hits you from afar with a +4 spear!
The gnoll sergeant hits you from afar with a +1 trident of venom!
* * * LOW HITPOINT WARNING * * *
You are more poisoned.
The gnoll barely misses you.
* * * LOW HITPOINT WARNING * * *
You feel extremely sick.
The orange crystal statue fixes its piercing gaze on you.
You feel your power leaking away. The gnoll attacks as it pursues you!
The gnoll hits you from afar with a +4 spear.
* * * LOW HITPOINT WARNING * * *
The gnoll sergeant attacks as it pursues you!
The gnoll sergeant hits you but does no damage.
You are more poisoned.
The gnoll barely misses you.
Found a mace.
* * * LOW HITPOINT WARNING * * *
You feel extremely sick.
You kill the gnoll!
The gnoll's corpse dissolves into shadows!
The gnoll hits you but does no damage.
The gnoll sergeant hits you from afar with a +1 trident of venom!
* * * LOW HITPOINT WARNING * * *
You are more poisoned.
The gnoll hits you from afar with a +4 spear!
You die...
Your body crumbles into a pile of gold.

.######.# #.#
.######.######.# ###
#.......)....#.######...
#.#####.####.$(.(......)
#.#####.# #............
........# #............
#.#####.# #...gg.(.....
#.# #.# #...g........
#.# #.# #....@.8.....
#.# #.................
#.# ######............
#.# #............ #.#
#......(.....
#..=.........
..########### ###


You could see an orange crystal statue, a gnoll sergeant (summoned, very
poisoned) and 2 gnolls.

Vanquished Creatures
  Fannar (D:10)
  A boulder beetle (D:11)
  4 two-headed ogres
  A manticore (D:11)
  Psyche (D:11)
  Jeremiah (D:6)
  2 trolls (D:10)
  4 hornets
  Sigmund (D:3)
  A wraith (D:6)
  3 shadows (D:10)
  A wyvern (D:10)
  2 yaks (D:10)
  4 vampire mosquitoes
  Edmund (D:6)
  3 water moccasins
  2 sky beasts
  10 orc warriors
  An ice beast (D:8)
  5 centaurs
  A kobold brigand (Sewer)
  2 phantoms
  3 bullfrogs
  A scorpion (D:5)
  9 killer bees
  4 howler monkeys
  A bombardier beetle (D:5)
  A jelly (D:5)
  5 hounds
  5 orc priests
  A sleepcap (D:6)
  2 iguanas (D:5)
  12 orc wizards
  9 gnolls (Bailey)
  7 adders
  2 river rats (D:5)
  A shadow imp (D:6)
  3 white imps
  4 ufetubi
  6 ribbon worms
  4 dart slugs
  47 orcs
  7 ball pythons
  9 endoplasms
  6 giant cockroaches
  15 goblins
  6 hobgoblins
  2 jackals (Sewer)
  2 quokkas
  7 bats
  4 frilled lizards
  11 kobolds
  10 rats
  A butterfly (D:3)
259 creatures vanquished.

Notes
Turn   | Place    | Note
-------+----------+-------------------------------------------
     0 | D:1      | sosloow the Oni Gladiator began the quest for the Orb.
     0 | D:1      | Reached XP level 1. HP: 22/22 MP: 1/1
   166 | D:1      | Reached XP level 2. HP: 29/29 MP: 2/2
   175 | D:1      | Reached skill level 3 in Fighting
  1222 | D:2      | Reached XP level 3. HP: 25/37 MP: 3/3
  1276 | D:2      | You fall into a shaft and drop 2 floors!
  1301 | D:4      | Identified the +0 helmet of the Sun {Will- Str+3 Int+6}
  1311 | D:4      | Reached XP level 4. HP: 38/48 MP: 4/4
  1602 | D:3      | Found a shimmering altar of Xom.
  1810 | D:3      | Reached skill level 4 in Fighting
  1816 | D:3      | Reached XP level 5. HP: 38/54 MP: 5/5
  1825 | D:3      | Gained mutation: Your health recovers twice as slowly from
                  | being drained. [potion of mutation]
  1825 | D:3      | Gained mutation: Your flesh is heat resistant. (rF+)
                  | [potion of mutation]
  1825 | D:3      | Gained mutation: You expend magic power (3 MP) to
                  | strengthen your wands. [potion of mutation]
  2126 | D:2      | Found Siaklus's Weapon Emporium.
  2172 | D:2      | Found a faded altar of an unknown god.
  3236 | D:3      | Noticed Sigmund
  3242 | D:3      | Killed Sigmund
  3243 | D:3      | Reached skill level 5 in Fighting
  3243 | D:3      | Reached XP level 6. HP: 60/66 MP: 2/6
  3473 | D:4      | Found a runed translucent gate.
  3473 | D:4      | Found a runed translucent gate.
  3473 | D:4      | Found a runed translucent gate.
  3506 | D:4      | Noticed a water moccasin
  3518 | D:4      | Killed a water moccasin
  3519 | D:4      | Reached XP level 7. HP: 27/72 MP: 3/7
  3852 | D:4      | Noticed Scypier's ghost (novice GnGl)
  3884 | D:4      | Found a staircase to the Ecumenical Temple.
  3897 | Temple   | Entered the Ecumenical Temple
  4056 | D:4      | Reached skill level 6 in Fighting
  4056 | D:4      | Reached skill level 5 in Maces & Flails
  4514 | D:5      | Entered Level 5 of the Dungeon
  4586 | D:5      | Found a shadowy altar of Dithmenos.
  4615 | D:5      | Found a runed translucent gate.
  4615 | D:5      | Found a runed translucent gate.
  4616 | D:5      | Found a runed translucent gate.
  4616 | D:5      | Noticed raetorn's ghost (amateur FeSh)
  4800 | D:5      | Reached skill level 5 in Throwing
  4800 | D:5      | Reached XP level 8. HP: 71/84 MP: 8/8
  4809 | D:5      | Identified a scroll of acquirement
  4809 | D:5      | Acquired 1013 gold pieces
  4950 | D:5      | Found a glowing drain.
  4961 | Sewer    | Entered a sewer
  5061 | Sewer    | Reached skill level 7 in Fighting
  5164 | Sewer    | Found a white marble altar of Elyvilon.
  5459 | D:2      | Bought 6 large rocks for 126 gold pieces
  5517 | D:6      | Noticed Jeremiah
  5526 | D:6      | Killed Jeremiah
  5641 | D:6      | Noticed Edmund
  5662 | D:6      | Killed Edmund
  5921 | D:5      | Reached skill level 8 in Fighting
  6244 | D:6      | Reached XP level 9. HP: 31/97 MP: 9/9
  6692 | D:6      | Reached skill level 9 in Fighting
  8180 | D:8      | Found a staircase to the Lair.
  8196 | D:8      | Noticed a two-headed ogre
  8209 | D:8      | Killed a two-headed ogre
  8210 | D:8      | Reached skill level 10 in Fighting
  8221 | D:8      | Noticed a hornet
  8225 | D:8      | Killed a hornet
  8226 | D:8      | Reached XP level 10. HP: 111/111 MP: 1/10
  8251 | D:8      | Found an opulent altar of Gozag.
  8273 | D:8      | Became a worshipper of Gozag Ym Sagoz the Greedy
  8335 | D:8      | Found a flagged portal.
  8343 | Bailey   | Entered a bailey
  9380 | D:8      | Acquired 678 gold pieces
  9439 | D:8      | Reached skill level 11 in Fighting
 10042 | D:9      | Found a snail-covered altar of Cheibriados.
 10162 | D:10     | Entered Level 10 of the Dungeon
 10165 | D:10     | Noticed Fannar
 10543 | D:10     | Noticed a two-headed ogre
 10555 | D:10     | Killed a two-headed ogre
 10983 | D:10     | Reached skill level 12 in Fighting
 11643 | D:10     | Found Lyecs's Magic Scroll Shop.
 11651 | D:10     | Bought a scroll of teleportation for 45 gold pieces
 11651 | D:10     | Bought a scroll of identify for 30 gold pieces
 12018 | D:10     | Reached XP level 11. HP: 108/124 MP: 11/11
 12090 | D:10     | Killed Fannar
 12091 | D:10     | Reached skill level 10 in Maces & Flails
 12339 | D:10     | Noticed a two-headed ogre
 12340 | D:10     | Killed a two-headed ogre
 12341 | D:10     | Reached skill level 13 in Fighting
 12341 | D:10     | Reached skill level 10 in Throwing
 12657 | D:10     | Found a staircase to the Orcish Mines.
 12717 | D:10     | Found a large runed translucent door.
 12717 | D:10     | Found a large runed translucent door.
 12718 | D:10     | Noticed riffraff's ghost (novice AtFi)
 12918 | D:11     | Noticed a boulder beetle
 12943 | D:11     | Killed a boulder beetle
 13126 | D:11     | Noticed a two-headed ogre
 13129 | D:11     | Killed a two-headed ogre
 13195 | D:11     | Noticed a manticore
 13198 | D:11     | Killed a manticore
 13338 | D:11     | Noticed Psyche
 13341 | D:11     | Killed Psyche
 13355 | D:11     | Noticed an orange crystal statue
 13370 | D:11     | HP: 1/128 [gnoll sergeant/+1 trident of venom[an orange
                  | crystal statue] (12)]
 13370 | D:11     | Mangled by a gnoll

Illustrated notes

Levels and vault maps discovered:
D:1:      nicolae_arrival_somewhat_less_tricky_arrival, layout_loops_corners,
          fountainhead
D:2:      wad_lake_hut, layout_loops_ring, serial_shops,
          nicolae_shop_competitors_out_of_business,
          hellmonk_ecumenical_altar_inner_sanctum, minmay_circle_x
D:3:      layout_loops_ring, xom_butterflies, minmay_misc_feat_cross,
          uniq_sigmund
D:4:      layout_basic, temple_statues, gammafunk_ghost_icy
D:5:      layout_rooms, lemuel_tele_altar, gammafunk_ghost_split,
          portal_sewer_entry_e
D:6:      layout_rooms, uniq_jeremiah, uniq_edmund
D:7:      layout_gridville
D:8:      layout_loops_ring, nicolae_gozag_seed_capital, dpeg_oklobed_lair,
          enter_bailey_4
D:9:      layout_loops_ring, slow_altar_2
D:10:     minmay_octagon_keep, layout_basic, david_orc_4,
          ebering_ghost_disaster_area, serial_shops, shop_coins,
          serial_bayou_pond_a, uniq_fannar
D:11:     layout_loops_ring, minivault_16, uniq_psyche
Temple:   compressed_dpeg_circular_temple

Skill      XL: |  1  2  3  4  5  6  7  8  9 10 11 |
---------------+----------------------------------+-----
Fighting       | 3 4 5 6 8 10 12 13 | 13.8
Dodging        | 3 4 |  4.0
Throwing       | 3 4 5 6 8 9 10 | 10.6
Maces & Flails | 4 5 6 8 9 10 | 10.9

Action                     |  1- 3 |  4- 6 |  7- 9 | 10-12 || total
---------------------------+-------+-------+-------+-------++-------
  Melee: Flail             |    65 |   158 |   208 |       ||   431
         Headbutt          |     9 |    20 |    54 |    43 ||   126
         Punch             |       |     1 |     1 |       ||     2
         Dire flail        |       |       |    63 |   280 ||   343
  Throw: Large rock        |       |     1 |    18 |    26 ||    45
         Throwing net      |       |       |     1 |       ||     1
  Evoke: Wand              |       |     4 |    12 |     9 ||    25
    Use: Potion            |       |     2 |     3 |     4 ||     9
         Scroll            |       |       |    16 |     4 ||    20
   Stab: Sleeping          |     1 |     1 |       |     1 ||     3
         Paralysed         |       |    13 |     4 |       ||    17
         Invisible         |       |       |     1 |       ||     1
         Held in net/web   |       |       |     1 |       ||     1
         Distracted        |       |       |       |     1 ||     1
 Armour: Robe              |    46 |   129 |   254 |   246 ||   675
         Skin              |       |       |    36 |       ||    36
  Dodge: Dodged            |    28 |   104 |   192 |   182 ||   506
